HBL
IDAHO FALLS CHUKARS @ NAPERVILLE LAZY FISHERMAN
06/02/1997
 
TOP OF THE 1ST
Idaho Falls Chukars batting - Pitching for Naperville Lazy Fisherman : RHP Garrett Stephenson
Pitching: RHP Garrett Stephenson
Batting: LHB Wayne Kirby 0-0: Fly out, F9 (Line Drive, 9, EV 91.3 MPH)
Batting: LHB Dwight Smith 0-0: Ball
1-0: Swinging Strike
1-1: Ground out 1-3 (Groundball, 25, EV 76.3 MPH)
Batting: LHB Tyler Houston 0-0: Ball
1-0: Ball
2-0: Ball
3-0: Base on Balls
Batting: LHB Rico Brogna 0-0: Fielders Choice at 2nd, 6-4 (Groundball, 56, EV 82.5 MPH)
Top of the 1st over - 0 runs, 0 hits, 0 errors, 1 left on base; Idaho Falls 0 - Naperville 0
BOTTOM OF THE 1ST
Naperville Lazy Fisherman batting - Pitching for Idaho Falls Chukars : RHP Jim Pittsley
Pitching: RHP Jim Pittsley
Batting: SHB Denny Hocking 0-0: SINGLE (Groundball, 4MD, EV 101.3 MPH)
Batting: SHB Walt Weiss 0-0: Foul Ball, location: 2F
0-1: Ball
1-1: Ball
Denny Hocking steals 2nd base
2-1: Fly out, F6 (Line Drive, 6, EV 66.9 MPH)
Batting: RHB Jeffrey Hammonds 0-0: Ball
1-0: Called Strike
1-1: Foul Ball, location: 2F
1-2: SINGLE (Groundball, 56D, EV 105.6 MPH)
Denny Hocking to third
Runner from 3rd tries for Home, SAFE, throw by LF to home
Batting: LHB Matt Luke 0-0: Called Strike
0-1: Ball
1-1: Called Strike
1-2: DOUBLE (Line Drive, 7LM, EV 97.5 MPH)
Jeffrey Hammonds to third
Batting: RHB David Bell 0-0: Ball
1-0: Fly out, F8 (Flyball, 78M, EV 85.6 MPH)
Runner from 3rd tags up, OUT at HOME! 8-2
Bottom of the 1st over - 1 run, 3 hits, 0 errors, 1 left on base; Idaho Falls 0 - Naperville 1
TOP OF THE 2ND
Idaho Falls Chukars batting - Pitching for Naperville Lazy Fisherman : RHP Garrett Stephenson
Batting: RHB Mark Lewis 0-0: Ball
1-0: Fly out, F8 (Line Drive, 8LM, EV 100.6 MPH)
Batting: SHB Marcus Jensen 0-0: Ball
1-0: Ball
2-0: Swinging Strike
2-1: Fly out, F7 (Flyball, 78M, EV 90.6 MPH)
Batting: LHB Darren Daulton 0-0: Called Strike
0-1: Ball
1-1: Swinging Strike
1-2: Foul Ball, location: 2F
1-2: Ground out 6-3 (Groundball, 6, EV 85.0 MPH)
Top of the 2nd over - 0 runs, 0 hits, 0 errors, 0 left on base; Idaho Falls 0 - Naperville 1
BOTTOM OF THE 2ND
Naperville Lazy Fisherman batting - Pitching for Idaho Falls Chukars : RHP Jim Pittsley
Batting: RHB Craig Worthington 0-0: Fly out, F9 (Flyball, 89S, EV 85.0 MPH)
Batting: RHB Joe Ayrault 0-0: Ball
1-0: Swinging Strike
1-1: Ball
2-1: Ball
3-1: Called Strike
3-2: Foul Ball, location: 2F
3-2: Base on Balls
Batting: RHB Kent Anderson 0-0: SINGLE (Groundball, 6MD, EV 107.5 MPH)
Joe Ayrault to second
Batting: LHB Dan Peltier 0-0: Called Strike
0-1: Ball
1-1: Ball
2-1: SINGLE (Flyball, 8LS, EV 91.9 MPH)
Joe Ayrault to third
Kent Anderson to second
Batting: SHB Denny Hocking 0-0: Fielders Choice at 2nd, 6-4 (Groundball, 6M, EV 97.5 MPH)
Joe Ayrault scores
Kent Anderson to third
Batting: SHB Walt Weiss 0-0: Ball
1-0: Foul Ball, location: 2F
1-1: Called Strike
1-2: Ball
2-2: SINGLE (Line Drive, 8RS, EV 95.0 MPH)
Kent Anderson scores
Denny Hocking to second
Batting: RHB Jeffrey Hammonds 0-0: Hit by Pitch
Denny Hocking to third
Walt Weiss to second
Batting: LHB Matt Luke 0-0: Foul Ball, location: 2F
0-1: TRIPLE (Flyball, 78XD, EV 104.4 MPH)
Denny Hocking scores
Walt Weiss scores
Jeffrey Hammonds scores
Pitching: RHP Phil Stidham
Batting: RHB David Bell 0-0: Ball
1-0: Ball
2-0: Called Strike
2-1: Foul Ball, location: 2F
2-2: Ball
3-2: Foul Ball, location: 2F
3-2: Foul Ball, location: 2F
3-2: Base on Balls
Batting: RHB Craig Worthington 0-0: Called Strike
0-1: Foul Ball, location: 2F
0-2: Strikes out swinging
Bottom of the 2nd over - 5 runs, 4 hits, 0 errors, 2 left on base; Idaho Falls 0 - Naperville 6
TOP OF THE 3RD
Idaho Falls Chukars batting - Pitching for Naperville Lazy Fisherman : RHP Garrett Stephenson
Batting: RHB Les Norman 0-0: Ball
1-0: Foul Ball, location: 2F
1-1: Swinging Strike
1-2: Ball
2-2: Fly out, F4 (Popup, 4D, EV 44.4 MPH)
Batting: RHB Takahiro Suzuki 0-0: Ball
1-0: Swinging Strike
1-1: Fly out, F7 (Flyball, 78D, EV 110.0 MPH)
Batting: LHB Wayne Kirby 0-0: Swinging Strike
0-1: Called Strike
0-2: SINGLE (Groundball, 34D, EV 103.8 MPH)
Batting: LHB Dwight Smith 0-0: Fielders Choice at 2nd, 6-4 (Groundball, 6, EV 85.0 MPH)
Top of the 3rd over - 0 runs, 1 hit, 0 errors, 1 left on base; Idaho Falls 0 - Naperville 6
BOTTOM OF THE 3RD
Naperville Lazy Fisherman batting - Pitching for Idaho Falls Chukars : RHP Phil Stidham
Batting: RHB Joe Ayrault 0-0: Called Strike
0-1: Ground out 1-3 (Groundball, 13, EV 85.0 MPH)
Batting: RHB Kent Anderson 0-0: SINGLE (Groundball, 6D, EV 106.3 MPH)
Batting: LHB Dan Peltier 0-0: Ball
1-0: Ball
2-0: Called Strike
2-1: Ball
3-1: Grounds into double play, 4-6-3 (Groundball, 4, EV 88.8 MPH)
Bottom of the 3rd over - 0 runs, 1 hit, 0 errors, 0 left on base; Idaho Falls 0 - Naperville 6
TOP OF THE 4TH
Idaho Falls Chukars batting - Pitching for Naperville Lazy Fisherman : RHP Garrett Stephenson
Batting: LHB Tyler Houston 0-0: Ball
1-0: Fly out, F7 (Flyball, 7S, EV 78.1 MPH)
Batting: LHB Rico Brogna 0-0: Ball
1-0: Ball
2-0: Ball
3-0: Called Strike
3-1: Called Strike
3-2: Strikes out swinging
Batting: RHB Mark Lewis 0-0: Ground out U3 (Groundball, 34, EV 85.6 MPH)
Top of the 4th over - 0 runs, 0 hits, 0 errors, 0 left on base; Idaho Falls 0 - Naperville 6
BOTTOM OF THE 4TH
Naperville Lazy Fisherman batting - Pitching for Idaho Falls Chukars : RHP Phil Stidham
Batting: SHB Denny Hocking 0-0: Called Strike
0-1: Ground out 4-3 (Groundball, 4, EV 83.1 MPH)
Batting: SHB Walt Weiss 0-0: Ground out 6-3 (Groundball, 6, EV 111.3 MPH)
Batting: RHB Jeffrey Hammonds 0-0: Ball
1-0: Fly out, F9 (Flyball, 9LS, EV 85.6 MPH)
Bottom of the 4th over - 0 runs, 0 hits, 0 errors, 0 left on base; Idaho Falls 0 - Naperville 6
TOP OF THE 5TH
Idaho Falls Chukars batting - Pitching for Naperville Lazy Fisherman : RHP Garrett Stephenson
Batting: SHB Marcus Jensen 0-0: Ball
1-0: Called Strike
1-1: Foul Ball, location: 2F
1-2: Strikes out swinging
Batting: LHB Darren Daulton 0-0: Foul Ball, location: 2F
0-1: Ball
1-1: Ground out 5-3 (Groundball, 56S, EV 91.9 MPH)
Batting: RHB Les Norman 0-0: Fly out, F9 (Line Drive, 9, EV 90.0 MPH)
Top of the 5th over - 0 runs, 0 hits, 0 errors, 0 left on base; Idaho Falls 0 - Naperville 6
BOTTOM OF THE 5TH
Naperville Lazy Fisherman batting - Pitching for Idaho Falls Chukars : RHP Phil Stidham
Batting: LHB Matt Luke 0-0: Fly out, F8 (Flyball, 78D, EV 84.4 MPH)
Batting: RHB David Bell 0-0: Called Strike
0-1: Ball
1-1: Called Strike
1-2: Foul Ball, location: 2F
1-2: Strikes out swinging
Batting: RHB Craig Worthington 0-0: Ball
1-0: Ball
2-0: Called Strike
2-1: Ball
3-1: Ground out 5-3 (Groundball, 56S, EV 65.6 MPH)
Bottom of the 5th over - 0 runs, 0 hits, 0 errors, 0 left on base; Idaho Falls 0 - Naperville 6
TOP OF THE 6TH
Idaho Falls Chukars batting - Pitching for Naperville Lazy Fisherman : RHP Garrett Stephenson
Batting: RHB Takahiro Suzuki 0-0: Foul Ball, location: 2F
0-1: Foul Ball, location: 2F
0-2: Ground out 5-3 (Groundball, 56S, EV 82.5 MPH)
Batting: LHB Wayne Kirby 0-0: Ball
1-0: Called Strike
1-1: Ground out 6-3 (Groundball, 6, EV 80.0 MPH)
Batting: LHB Dwight Smith 0-0: Ball
1-0: Ball
2-0: Swinging Strike
2-1: Swinging Strike
2-2: Ball
3-2: Strikes out swinging
Top of the 6th over - 0 runs, 0 hits, 0 errors, 0 left on base; Idaho Falls 0 - Naperville 6
BOTTOM OF THE 6TH
Naperville Lazy Fisherman batting - Pitching for Idaho Falls Chukars : RHP Phil Stidham
Batting: RHB Joe Ayrault 0-0: Ball
1-0: Ball
2-0: Ball
3-0: Called Strike
3-1: Foul Ball, location: 2F
3-2: Foul Ball, location: 2F
3-2: Fly out, F9 (Flyball, 9S, EV 85.6 MPH)
Batting: RHB Kent Anderson 0-0: Ball
1-0: Reached on error, E1 (Groundball, P, EV 69.4 MPH)
Pitching: RHP Steve Montgomery
Batting: LHB Dan Peltier 0-0: Ball
1-0: Ball
2-0: Ball
3-0: Base on Balls
Batting: SHB Denny Hocking 0-0: Called Strike
0-1: Swinging Strike
0-2: Ball
1-2: Foul Ball, location: 2F
1-2: Strikes out looking
Batting: SHB Walt Weiss 0-0: Fly out, F6 (Popup, 56D, EV 51.9 MPH)
Bottom of the 6th over - 0 runs, 0 hits, 1 error, 2 left on base; Idaho Falls 0 - Naperville 6
TOP OF THE 7TH
Idaho Falls Chukars batting - Pitching for Naperville Lazy Fisherman : RHP Garrett Stephenson
Batting: LHB Tyler Houston 0-0: Swinging Strike
0-1: Ball
1-1: Ball
2-1: Foul Ball, location: 2F
2-2: Foul Ball, location: 2F
2-2: Foul Ball, location: 2F
2-2: Ball
3-2: Foul Ball, location: 2F
3-2: Strikes out swinging
Batting: LHB Rico Brogna 0-0: Ball
1-0: Swinging Strike
1-1: Swinging Strike
1-2: Foul Ball, location: 2F
1-2: Foul Ball, location: 2F
1-2: Foul Ball, location: 2F
1-2: Foul Ball, location: 2F
1-2: Foul Ball, location: 2F
1-2: Foul Ball, location: 2F
1-2: Ball
2-2: Fly out, F8 (Flyball, 8RM, EV 83.1 MPH)
Batting: RHB Mark Lewis 0-0: SINGLE (Groundball, 34D, EV 100.0 MPH)
Batting: SHB Marcus Jensen 0-0: Ball
1-0: Called Strike
1-1: Ball
2-1: Ball
3-1: Ground out 4-3 (Groundball, 4, EV 86.9 MPH)
Top of the 7th over - 0 runs, 1 hit, 0 errors, 1 left on base; Idaho Falls 0 - Naperville 6
BOTTOM OF THE 7TH
Naperville Lazy Fisherman batting - Pitching for Idaho Falls Chukars : RHP Steve Montgomery
Batting: RHB Jeffrey Hammonds 0-0: Ball
1-0: Ball
2-0: Ball
3-0: Called Strike
3-1: Fly out, F8 (Line Drive, 8RM, EV 86.3 MPH)
Batting: LHB Matt Luke 0-0: Ball
1-0: Called Strike
1-1: Fly out, F4 (Popup, 34D, EV 49.4 MPH)
Batting: RHB David Bell 0-0: Called Strike
0-1: Ground out 5-3 (Groundball, 56, EV 96.3 MPH)
Bottom of the 7th over - 0 runs, 0 hits, 0 errors, 0 left on base; Idaho Falls 0 - Naperville 6
TOP OF THE 8TH
Idaho Falls Chukars batting - Pitching for Naperville Lazy Fisherman : RHP Garrett Stephenson
Batting: LHB Darren Daulton 0-0: Called Strike
0-1: SOLO HOME RUN (Flyball, 9LD, EV 92.5 MPH), Distance : 354 ft
Batting: RHB Les Norman 0-0: Ball
1-0: Foul Ball, location: 2F
1-1: Ground out 6-3 (Groundball, 6, EV 78.1 MPH)
Batting: RHB Takahiro Suzuki 0-0: Ball
1-0: Fly out, F8 (Flyball, 8RM, EV 91.9 MPH)
Batting: LHB Wayne Kirby 0-0: DOUBLE (Flyball, 89XD, EV 113.1 MPH)
Batting: LHB Dwight Smith 0-0: Ball
1-0: Ball
2-0: Called Strike
2-1: Foul Ball, location: 2F
2-2: Strikes out swinging
Top of the 8th over - 1 run, 2 hits, 0 errors, 1 left on base; Idaho Falls 1 - Naperville 6
BOTTOM OF THE 8TH
Naperville Lazy Fisherman batting - Pitching for Idaho Falls Chukars : RHP Steve Montgomery
Batting: RHB Craig Worthington 0-0: Ball
1-0: Swinging Strike
1-1: Ball
2-1: Ball
3-1: Base on Balls
Batting: RHB Joe Ayrault 0-0: Called Strike
0-1: Swinging Strike
0-2: SINGLE (Flyball, 78M, EV 92.5 MPH)
Craig Worthington to second
Pitching: RHP Steve Falteisek
Batting: RHB Kent Anderson 0-0: Bunted foul
0-1: Sac Bunt to 23 - play at third, runner OUT! 3-5
Joe Ayrault to second
Batting: LHB Dan Peltier 0-0: Ball
1-0: Called Strike
1-1: Ball
2-1: Grounds into double play, 4-6-3 (Groundball, 4, EV 100.0 MPH)
Bottom of the 8th over - 0 runs, 1 hit, 0 errors, 1 left on base; Idaho Falls 1 - Naperville 6
TOP OF THE 9TH
Idaho Falls Chukars batting - Pitching for Naperville Lazy Fisherman : RHP Garrett Stephenson
Batting: LHB Tyler Houston 0-0: Ball
1-0: Called Strike
1-1: SINGLE (Groundball, 4MD, EV 105.6 MPH)
Batting: LHB Rico Brogna 0-0: Ball
1-0: Fly out, F8 (Flyball, 8LD, EV 104.4 MPH)
Batting: RHB Mark Lewis 0-0: Fly out, F7 (Flyball, 78M, EV 95.0 MPH)
Batting: SHB Marcus Jensen 0-0: Foul Ball, location: 2F
0-1: Swinging Strike
0-2: Ball
1-2: Ball
2-2: Strikes out swinging
Top of the 9th over - 0 runs, 1 hit, 0 errors, 1 left on base; Idaho Falls 1 - Naperville 6
Wednesday, February 18th, 2026 - OOTP Baseball 20.8 Build 74